 Dungeon Crawl Stone Soup version 0.28.0-53-g5a82cb258f (webtiles) character file.

Game seed: 18349646395889840512

261739 CryoSword the Devastator (level 19, -15/179 HPs)
             Began as a Grey Draconian Conjurer on June 1, 2022.
             Was the Champion of Ashenzari.
             Demolished by a boulder beetle (29 damage)
             ... on level 1 of the Vaults on June 2, 2022.
             The game lasted 02:14:34 (63599 turns).

CryoSword the Devastator (Grey Draconian Conjurer) Turns: 63599, Time: 02:14:35

Health: -15/179    AC: 21    Str: 20    XL:     19   Next: 20%
Magic:  42/42      EV: 16    Int: 21    God:    Ashenzari [******]
Gold:   3384       SH: 17    Dex: 10    Spells: 20/38 levels left

rFire   . . .      SeeInvis +   w - +11 broad axe "Revealing Augurer" {elec, Str+3, Elem, Bglg} (curse)
rCold   . . .      Faith    .   x - +4 kite shield "Behold Eternity" {Cun, Alch} (curse)
rNeg    + + +      Spirit   .   (armour unavailable)
rPois   .          Reflect  .   B - +2 hat "Chained Seeker" {Self, Evo} (curse)
rElec   .          Harm     .   q - scarf of the Elysian Augur {repulsion, Melee, Self} (curse)
rCorr   .          Rampage  .   u - +1 pair of gloves "Restrained Together" {Range, Elem} (curse)
Will    +....      Clarity  +   O - +1 pair of boots "Seeker of the Sky" {rN+++ Int-4, Elem, Cun} (curse)
Stlth   +++++.....              Q - amulet of Panopticon {RegenMP, Fort, Bglg} (curse)
HPRegen 0.39/turn               i - ring "Cursed With Me" {MP+9, Fort, Elem} (curse)
MPRegen 0.68/turn               C - ring "Pangnostic Augurer" {Int+6, Melee, Range} (curse)

@: marked, very slightly contaminated, repel missiles
A: AC +15, amphibious, unfitting armour, cold-blooded, mutation resistance 1
}: 2/15 runes: serpentine, barnacled
a: Renounce Religion, Shatter the Chains


You were on level 1 of the Vaults.
You worshipped Ashenzari.
Ashenzari was exalted by your worship.
You visited 7 branches of the dungeon, and saw 33 of its levels.
You also visited: Sewer and Bailey.

You collected 4227 gold pieces.
You spent 843 gold pieces at shops.

Inventory:

Hand Weapons
 w - the cursed +11 broad axe "Revealing Augurer" (weapon) {elec, Str+3, Elem, Bglg}
   (You found it on level 13 of the Dungeon)

   It occasionally discharges a powerful burst of electricity upon striking a
   foe.
   Str:       It affects your strength (+3).
   It has a curse which improves the following skills: Elements: Fire Magic, Ice
   Magic, Air Magic and Earth Magic.
   Beguiling: Conjurations, Hexes and Translocations.
Missiles
 j - 3 silver boomerangs
 K - 2 curare-tipped darts
 R - 10 throwing nets (quivered)
Armour
 q - the cursed scarf of the Elysian Augur (worn) {repulsion, Melee, Self}
   (You found it on level 4 of the Dungeon)

   It has a curse which improves the following skills: Melee Combat: Short
   Blades, Long Blades, Axes, Maces & Flails, Polearms, Staves and Unarmed
   Combat.
   Introspection: Fighting and Spellcasting.
 s - a +0 tower shield
   (You found it on level 6 of the Dungeon)
 u - the cursed +1 pair of gloves "Restrained Together" (worn) {Range, Elem}
   (You found it in a bailey)

   It has a curse which improves the following skills: Ranged Combat: Slings,
   Bows, Crossbows and Throwing.
   Elements:  Fire Magic, Ice Magic, Air Magic and Earth Magic.
 x - the cursed +4 kite shield "Behold Eternity" (worn) {Cun, Alch}
   (You took it off a vault guard on level 14 of the Dungeon)

   It has a curse which improves the following skills: Cunning: Dodging and
   Stealth.
   Alchemy:   Poison Magic and Transmutations.
 B - the cursed +2 hat "Chained Seeker" (worn) {Self, Evo}
   (You acquired it in a bailey)

   It has a curse which improves the following skills: Introspection: Fighting
   and Spellcasting.
   Evocations: Evocations.
 O - the cursed +1 pair of boots "Seeker of the Sky" (worn) {rN+++ Int-4, Elem, Cun}
   (You found it on level 3 of the Shoals)

   Int:       It affects your intelligence (-4).
   rN:        It renders you almost immune to negative energy.
   It has a curse which improves the following skills: Elements: Fire Magic, Ice
   Magic, Air Magic and Earth Magic.
   Cunning:   Dodging and Stealth.
Jewellery
 i - the cursed ring "Cursed With Me" (left hand) {MP+9, Fort, Elem}
   (You found it on level 2 of the Dungeon)

   [ring of magical power]

   MP:        It affects your magic capacity (+9).
   It has a curse which improves the following skills: Fortitude: Shields.
   Elements:  Fire Magic, Ice Magic, Air Magic and Earth Magic.
 C - the cursed ring "Pangnostic Augurer" (right hand) {Int+6, Melee, Range}
   (You found it on level 4 of the Dungeon)

   [ring of intelligence]

   Int:       It affects your intelligence (+6).
   It has a curse which improves the following skills: Melee Combat: Short
   Blades, Long Blades, Axes, Maces & Flails, Polearms, Staves and Unarmed
   Combat.
   Ranged Combat: Slings, Bows, Crossbows and Throwing.
 D - a ring of magical power
   (You found it on level 9 of the Dungeon)
 I - a ring of protection from fire
   (You found it on level 1 of the Lair of Beasts)
 J - a ring of protection from cold
   (You found it on level 11 of the Dungeon)
 P - a ring of flight
   (You found it on level 1 of the Vaults)
 Q - the cursed amulet of Panopticon (around neck) {RegenMP, Fort, Bglg}
   (You found it on level 4 of the Shoals)

   [amulet of magic regeneration]

   It increases your rate of magic regeneration.
   It has a curse which improves the following skills: Fortitude: Shields.
   Beguiling: Conjurations, Hexes and Translocations.
 S - a ring of willpower
   (You found it on level 4 of the Shoals)
Wands
 a - a wand of mindburst (4)
   (You found it on level 1 of the Shoals)
 y - a wand of iceblast (27)
   (You took it off Harold on level 7 of the Dungeon)
 F - a wand of paralysis (21)
   (You took it off an orc on level 8 of the Dungeon)
 L - a wand of acid (18)
   (You found it on level 2 of the Lair of Beasts)
Scrolls
 b - 2 scrolls of fog
 c - 2 scrolls of summoning
 e - 10 scrolls of teleportation {@r4}
 f - 4 scrolls of amnesia
 g - 3 scrolls of fear
 h - 5 scrolls of magic mapping
 l - 6 scrolls of silence
 r - a scroll of holy word
 N - 4 scrolls of blinking
Potions
 d - 5 potions of brilliance
 k - 6 potions of attraction {!q}
 m - 8 potions of lignification {!q}
 n - 6 potions of might
 o - 8 potions of curing {@q1}
 p - a potion of magic
 t - 3 potions of mutation {!q}
 v - 2 potions of cancellation
 z - 4 potions of flight
 A - a potion of ambrosia
 H - 3 potions of invisibility
Miscellaneous
 E - a phantom mirror
   (You found it on level 4 of the Snake Pit)
 M - a condenser vane
   (You found it on level 2 of the Lair of Beasts)


   Skills:
 + Level 14.1(18.0) Fighting
 - Level 7.0(12.7) Short Blades
 - Level 10.4(14.9) Long Blades
 - Level 15.1(19.0) Axes
 - Level 1.0(10.3) Polearms
 + Level 10.5(14.4) Dodging
 - Level 7.8(11.8) Stealth
 * Level 12.5(16.4) Shields
 - Level 6.5(10.4) Spellcasting
 * Level 15.2(19.0) Conjurations
 - Level 7.7(11.7) Translocations
 + Level 7.5(10.2) Transmutations
 + Level 2.1(6.4) Fire Magic
 - Level 8.8(14.9) Earth Magic
 - Level 4.1(6.6) Evocations


You had 20 spell levels left.
You knew the following spells:

 Your Spells              Type           Power      Damage    Failure   Level
a - Magic Dart            Conj           100%       1d8       0%          1
b - Searing Ray           Conj           100%       2d8       0%          2
c - Iskenderun's Mystic   Conj/Tloc      66%        2d14      1%          4
d - Irradiate             Conj/Tmut      32%        3d24      1%          5
e - Petrify               Tmut/Erth      59%        N/A       1%          4
P - Passwall              Tmut/Erth      49%        N/A       1%          2

Your spell library contained the following spells:

 Spells                   Type           Power      Damage    Failure   Level
 Apportation              Tloc           100%       N/A       1%          1
 Beastly Appendage        Tmut           100%       N/A       1%          1
 Foxfire                  Conj/Fire      100%       2x1d9     1%          1
 Sting                    Tmut/Pois      100%       1d8       1%          1
 Wereblood                Tmut           52%        N/A       1%          2
 Conjure Flame            Conj/Fire      59%        6-21      1%          3
 Dazzling Flash           Conj/Hex       100%       N/A       1%          3
 Gell's Gravitas          Tloc           57%        N/A       1%          3
 Teleport Other           Tloc           57%        N/A       1%          3
 Flame Wave               Conj/Fire      59%        2d11      1%          4
 Fulminant Prism          Conj/Hex       25%        3d14      1%          4
 Hailstorm                Conj/Ice       52%        3d12      1%          4
 Passage of Golubria      Tloc           57%        N/A       1%          4
 Fireball                 Conj/Fire      29%        3d13      1%          5
 Spider Form              Tmut/Pois      33%        N/A       3%          3
 Blade Hands              Tmut           26%        N/A       4%          5
 Freeze                   Ice            60%        1d8       7%          1
 Inner Flame              Hex/Fire       25%        N/A       7%          3
 Starburst                Conj/Fire      29%        6d9       9%          6
 Statue Form              Tmut/Erth      39%        N/A       9%          6
 Animate Skeleton         Necr           20%        N/A       10%         1
 Pain                     Necr           40%        1d6       10%         1
 Summon Small Mammal      Summ           40%        N/A       10%         1
 Ensorcelled Hibernation  Hex/Ice        28%        N/A       11%         2
 Dispersal                Tloc           28%        N/A       12%         6
 Frozen Ramparts          Ice            30%        1d5       21%         3
 Swiftness                Air            15%        N/A       21%         3
 Tukima's Dance           Hex            13%        N/A       24%         3
 Summon Forest            Summ/Tloc      17%        N/A       26%         5
 Yara's Violent Unravell  Hex/Tmut       16%        3d8       30%         5
 Summon Lightning Spire   Summ/Air       13%        N/A       63%         4
 Anguish                  Hex/Necr       6%         N/A       65%         4
 Olgreb's Toxic Radiance  Pois           12%        N/A       65%         4
 Dragon Form              Tmut           26%        N/A       77%         7
 Metabolic Englaciation   Hex/Ice        7%         N/A       90%         5
 Silence                  Hex/Air        7%         N/A       90%         5
 Summon Mana Viper        Hex/Summ       12%        N/A       94%         5
 Agony                    Necr           10%        N/A       95%         5
 Excruciating Wounds      Necr           5%         N/A       95%         5
 Summon Cactus Giant      Summ           5%         N/A       100%        6
 Ozocubu's Refrigeration  Ice            7%         4d6       100%        7
 Storm Form               Tmut/Air       17%        N/A       100%        7
 Ignition                 Fire           18%        3d7       100%        8
 Maxwell's Capacitive Co  Air            7%         ∞         100%        8


Dungeon Overview and Level Annotations

Branches:
Dungeon (15/15)            Temple (1/1) D:4            Lair (6/6) D:11
 Shoals (4/4) Lair:2        Snake (4/4) Lair:2        Slime (0/5) Lair:6
    Orc (2/2) D:11            Elf (0/3) Orc:2        Vaults (1/5) D:14
 Depths (0/4) D:15          Sewer (visited)          Bailey (visited)

Altars:
Ashenzari
Cheibriados
Dithmenos
Elyvilon
Fedhas
Gozag
Hepliaklqana
Kikubaaqudgha
Makhleb
Nemelex Xobeh
Okawaru
Qazlal
Ru
Sif Muna
Trog
Uskayaw
Vehumet
Wu Jian
Xom
Yredelemnul
Zin
The Shining One
Lugonu

Shops:
D:6 :   D:9 *   D:11 [   Orc:1 (   Orc:2 =(*[   Shoals:2 *   Shoals:4 (
Snake:1 (

Portals:
Abyss: Lair:6


Innate Abilities, Weirdness & Mutations

Your dull iron-grey scales are very hard. (AC +15)
You are amphibious.
You cannot fit into any form of body armour.
You are cold-blooded and may be slowed by cold attacks.
You are somewhat resistant to further mutation.


Message History

A sentinel's mark forms upon you.
An ironbound convoker comes into view.
It is wielding a +0 great mace and wearing a +1 ring mail of fire resistance.
The vault sentinel casts a spell at you.
You barely resist.
The vault sentinel blows a loud note on a signal horn!
You hear a bellow!
You hear a shout! x2
You slash the vault sentinel!
The ironbound convoker begins to recite a word of recall!
The vault sentinel hits you with a +0 war axe.
You slice the vault sentinel!!
Lightning courses through the vault sentinel!
You kill the vault sentinel!
An ironbound preserver comes into view. It is wielding a +0 morningstar.
Things that are here:
a +0 war axe; a +0 scale mail; a human corpse A boulder beetle comes into view.
You slice the ironbound convoker!!
Asterion is recalled.
The vault guard is recalled.
The yaktaur is recalled.
The vault guard is recalled.
The yaktaur captain is recalled.
The ironbound convoker is recalled.
An ironbound convoker comes into view.
It is wielding a +1 great mace of protection.
The ironbound convoker points at the yaktaur captain and mumbles some strange words.
The yaktaur captain seems to grow stronger.
You block the yaktaur captain's attack. The yaktaur hits you!
The vault guard closely misses you.
Asterion mumbles some strange prayers to Makhleb.
Asterion seems to speed up.
The boulder beetle curls into a ball and begins rolling!
A yaktaur captain, a yaktaur and 2 vault guards come into view.
You slash the ironbound convoker!
Lightning courses through the ironbound convoker!
You kill the ironbound convoker!
The vault guard blocks your attack.
You slice the yaktaur captain!! You hit the yaktaur but do no damage.
An ironbound frostheart comes into view.
You block the vault guard's attack. The yaktaur captain hits you!
The yaktaur hits you.
Your base Fire Magic skill increases to level 2!
Asterion blocks your attack.
You hit the yaktaur but do no damage. You slash the yaktaur captain!
You slash the vault guard!
Asterion conjures a destructive force in the name of Makhleb!
The orb of electricity explodes!
The orb of electricity engulfs you!!
The orb of electricity engulfs the yaktaur captain!!!
The orb of electricity engulfs the yaktaur!!
The orb of electricity engulfs Asterion!!!
The orb of electricity engulfs the vault guard!!
The orb of electricity engulfs the ironbound convoker!!
The orb of electricity engulfs the vault guard!!!
You block the vault guard's attack. The yaktaur captain barely misses you.
You block the yaktaur's attack.
The ironbound frostheart calls freezing cold from the walls.
The frost grips you!!
You are encased in ice.
You erupt in a fountain of uncontrolled magic!
Asterion is blasted with magical radiation!!!
Asterion twists and deforms.
The vault guard is blasted with magical radiation!!!
You kill the vault guard!
The yaktaur captain is blasted with magical radiation!!!
You kill the yaktaur captain!
The yaktaur is blasted with magical radiation!!!
You kill the yaktaur!
You are very lightly contaminated with residual magic.
Asterion mumbles some strange prayers to Makhleb.
Asterion hits you with a +2 demon whip of draining!
* * * LOW HITPOINT WARNING * * *
You block Asterion's attack.
The boulder beetle stops rolling and uncurls.
You erupt in a fountain of uncontrolled magic!
Asterion is blasted with magical radiation!!
You kill Asterion!
The green death disappears in a puff of smoke!
The ironbound convoker is blasted with magical radiation!!
You kill the ironbound convoker!
The vault guard is blasted with magical radiation!!!
You kill the vault guard!
The ice encasing you melts away.
The boulder beetle curls into a ball and begins rolling!
Items here: ( ))) [[ ††.
You barely miss the ironbound preserver.
You slash the ironbound preserver!
You block the ironbound preserver's attack.
The ironbound frostheart calls freezing cold from the walls.
The frost grips you!!
* * * LOW HITPOINT WARNING * * *
You are encased in ice.
The boulder beetle stops rolling and uncurls.
You hit the ironbound preserver.
You tail-slap the ironbound preserver, but do no damage.
The ironbound preserver closely misses you.
The boulder beetle leaps!
You slice the ironbound preserver!!
The ironbound preserver completely misses you.
You barely miss the ironbound preserver.
The ice encasing you melts away.
The ironbound preserver mumbles some strange words.
The ironbound preserver begins to accept its allies' injuries.
You hit the ironbound preserver. You slash the ironbound preserver!
You tail-slap the ironbound preserver.
You block the ironbound preserver's attack.
You slice the ironbound preserver!! You tail-slap the ironbound preserver.
The ironbound preserver hits you with a +0 morningstar.
* * * LOW HITPOINT WARNING * * *
The ironbound frostheart calls freezing cold from the walls.
The frost grips you!!
* * * LOW HITPOINT WARNING * * *
You are encased in ice.
You feel much better.
The ironbound preserver gestures wildly while chanting.
The ironbound preserver is healed somewhat.
You erupt in a fountain of uncontrolled magic!
The ironbound preserver is blasted with magical radiation!!
The ironbound preserver twists and deforms.
The ice encasing you melts away.
You block the ironbound preserver's attack.
The ironbound frostheart calls freezing cold from the walls.
The frost grips you!!!
* * * LOW HITPOINT WARNING * * *
You are encased in ice.
As you read the scroll of fear, it crumbles to dust.
You assume a fearsome visage.
The ironbound preserver looks frightened!
The boulder beetle resists with some effort.
The ironbound frostheart looks frightened!
The boulder beetle curls into a ball and begins rolling!
The ice encasing you melts away.
The boulder beetle hits you but does no damage.
The boulder beetle stops rolling and uncurls.
The ironbound preserver casts a spell.
The ironbound preserver is healed somewhat.
The ironbound preserver casts a spell.
The ironbound preserver is healed somewhat.
The boulder beetle curls into a ball and begins rolling!
There is an open door here.
You block the boulder beetle's attack.
The boulder beetle stops rolling and uncurls.
The boulder beetle curls into a ball and begins rolling!
The boulder beetle hits you!
* * * LOW HITPOINT WARNING * * *
The boulder beetle stops rolling and uncurls.
You slash the boulder beetle!
Lightning courses through the boulder beetle!
You tail-slap the boulder beetle. You slash the boulder beetle!
The boulder beetle leaps!
The boulder beetle curls into a ball and begins rolling!
The ironbound preserver casts a spell.
The ironbound preserver begins to accept its allies' injuries.
There is an open door here.
The boulder beetle hits you!!
You die...

####.......###..........####.###
####.......###..........####..#(
#########'######'###########.###
########...........#### ###..#.
########...........### ###.###
########...........### ###.)#[
########...........### ##.###
.......'...........#### #..∩.
.......'........@..##### #....
.......########B########## #####
.......#######..○........# #####
.......#######...○.......##
##############....°°.....### #
###...........#### * * *****
##...........#### ,* ,
#.....).p...#### , * , ,*
#.....†.....######


You could see a boulder beetle (rolling, sheltered).

Vanquished Creatures
  Rupert (D:14)
  2 quicksilver dragons (Snake:4)
  Asterion (Vaults:1)
  Agnes (D:15)
  Frances (Snake:1)
  Kirke (Lair:6)
  Ilsuiw (Shoals:2)
  The ghost of Lyniq the Alchemist, a journeyman DrTm of Wu Jian (D:15)
  Donald (Shoals:1)
  2 nagarajas (Snake:4)
  3 orc warlords
  4 ironbound preservers (Vaults:1)
  2 ironbound thunderhulks (Vaults:1)
  An entropy weaver (Vaults:1)
  11 merfolk impalers
  An ettin (D:11)
  8 merfolk javelineers
  A yaktaur captain (Vaults:1)
  13 naga warriors
  3 boulder beetles
  Harold (D:7)
  6 vault guards
  2 ice dragons (D:15)
  The ghost of Cykl0x the Geomancer, a journeyman GrEE of Vehumet (D:12)
  A rakshasa (D:15)
  2 salamander tyrants (Snake:4)
  8 hydras
  2 merfolk avatars
  8 merfolk aquamancers
  2 ironbound frosthearts (Vaults:1)
  2 death knights
  13 two-headed ogres
  2 alligator snapping turtles (Shoals:3)
  12 anacondas
  8 centaur warriors
  Erica (D:10)
  2 satyrs
  3 tengu warriors
  3 thrashing horrors (Lair:6)
  8 death yaks
  11 shock serpents
  Sonja (Lair:1)
  An orc high priest (Orc:2)
  14 naga sharpshooters
  2 salamander mystics
  4 deep trolls
  9 sea snakes
  8 naga ritualists
  8 orc knights
  A phantasmal warrior (D:15)
  3 ironbound convokers (Vaults:1)
  33 harpies
  An obsidian statue (D:15)
  7 deep elf pyromancers
  4 orc sorcerers
  5 wizards
  Pikel (D:5)
  21 mana vipers
  An oklob plant (D:10)
  11 salamanders
  12 manticores
  20 ugly things
  2 moths of wrath (D:15)
  7 cyclopes
  7 fauns
  A moth of wrath (shapeshifter) (Lair:6)
  55 black mambas
  A guardian serpent (shapeshifter) (D:14)
  11 naga magi
  Joseph (D:7)
  16 merfolk sirens
  11 guardian serpents
  5 centaur zombies
  3 vault sentinels (Vaults:1)
  8 water nymphs
  A smoke demon (Lair:6)
  A torpor snail (Lair:2)
  Maggie (D:7)
  Psyche (D:10)
  9 cane toads
  8 yaktaurs
  3 freezing wraiths
  7 rime drakes
  A tengu conjurer (D:14)
  9 komodo dragons
  3 kobold demonologists
  2 efreet
  2 ancient zymes (Lair:6)
  2 polar bears
  10 trolls
  6 wind drakes
  41 merfolk
  14 snapping turtles
  2 hornets (D:10)
  7 slime creatures
  23 blink frogs
  2 dream sheep (Shoals:2)
  A spriggan (Lair:6)
  A shadow (D:10)
  Eustachio (D:5)
  12 water elementals
  4 wraiths
  5 wyverns
  5 basilisks
  5 hogs
  24 yaks
  4 chaos spawn (Lair:6)
  A golden eye (shapeshifter) (D:13)
  2 redbacks (Vaults:1)
  7 wargs
  2 steam dragons (D:8)
  5 vampire mosquitoes
  8 small abominations (Lair:6)
  40 nagas
  3 acid dragons
  17 water moccasins
  4 black bears
  2 ice beasts
  44 orc warriors
  The ghost of Peloso the Covered, an amateur MiFi (D:3)
  3 hornet zombies
  3 sky beasts
  4 necrophages
  4 boggarts (D:15)
  18 wolves
  11 ogres
  5 centaurs
  A lemure (D:5)
  3 kobold brigands
  19 bullfrogs
  2 scorpions
  4 killer bees
  An oklob sapling (D:10)
  A wight (D:8)
  11 electric eels
  4 howler monkeys
  A vampire bat (Orc:1)
  A lava snake (Lair:5)
  2 hounds
  A gnoll shaman (D:8)
  20 orc priests
  3 jellies
  5 iguanas
  24 orc wizards
  6 hell rats (Lair:2)
  A killer bee zombie (D:6)
  2 howler monkey zombies (D:9)
  8 gnolls
  15 adders
  A hound simulacrum (D:3)
  2 howler monkey skeletons
  4 river rats
  2 white imps (D:8)
  2 worms (D:6)
  3 dart slugs
  3 adder simulacra (D:3)
  69 orcs
  14 ball pythons
  11 bats
  3 endoplasms
  13 goblins
  12 hobgoblins
  5 jackals
  21 kobolds
  4 quokkas
  2 frilled lizards
  A giant cockroach simulacrum (D:3)
  7 rats
1167 creatures vanquished.

Vanquished Creatures (others)
  A faun (Shoals:2)
  A snapping turtle (Shoals:1)
  An orc (Bailey)
  A hobgoblin (Bailey)
  106 fungi
  292 plants
402 creatures vanquished.

Grand Total: 1569 creatures vanquished

Notes
Turn   | Place    | Note
-------+----------+-------------------------------------------
     0 | D:1      | CryoSword the Draconian Conjurer began the quest for the
                  | Orb.
     0 | D:1      | Reached XP level 1. HP: 14/14 MP: 3/3
   205 | D:1      | Reached skill level 1 in Fighting
   356 | D:1      | Reached XP level 2. HP: 23/23 MP: 5/5
   409 | D:1      | Found a faded altar of an unknown god.
   884 | D:2      | Learned a level 2 spell: Searing Ray
   961 | D:2      | Reached XP level 3. HP: 11/29 MP: 0/6
  1460 | D:2      | Reached skill level 1 in Short Blades
  1937 | D:2      | Reached XP level 4. HP: 32/36 MP: 7/7
  2187 | D:3      | Found a runed translucent gate.
  2187 | D:3      | Found a runed translucent gate.
  2187 | D:3      | Found a runed translucent gate.
  2203 | D:3      | Noticed a sky beast
  2237 | D:3      | Reached skill level 5 in Conjurations
  2760 | D:3      | Found Wyeheisip's Magic Scroll Shop.
  2798 | D:3      | Bought a scroll of identify for 22 gold pieces
  2798 | D:3      | Bought a scroll of teleportation for 33 gold pieces
  2884 | D:3      | Noticed Peloso's ghost (amateur MiFi)
  3070 | D:3      | Reached XP level 5. HP: 35/42 MP: 1/8
  3224 | D:3      | Found a glowing silver altar of Zin.
  3225 | D:3      | You fall into a shaft and drop 2 floors!
  3225 | D:5      | Entered Level 5 of the Dungeon
  3231 | D:5      | Noticed a sky beast
  3243 | D:5      | Killed a sky beast
  3244 | D:5      | Reached XP level 6. HP: 40/51 MP: 2/9
  3745 | D:4      | Your scales start taking on a dull iron-grey colour.
  3745 | D:4      | Reached XP level 7. HP: 57/59 MP: 6/10
  4108 | D:4      | Found a hazy altar of Hepliaklqana.
  4197 | D:4      | Reached skill level 1 in Earth Magic
  4283 | D:4      | Found a staircase to the Ecumenical Temple.
  4290 | Temple   | Entered the Ecumenical Temple
  4369 | Temple   | Became a worshipper of Ashenzari the Shackled
  4459 | D:3      | Bought a scroll of fear for 38 gold pieces
  4459 | D:3      | Bought a scroll of identify for 22 gold pieces
  4753 | D:5      | Noticed Pikel
  5276 | D:5      | Killed Pikel
  5277 | D:5      | Reached skill level 5 in Fighting
  5277 | D:5      | Reached XP level 8. HP: 67/69 MP: 11/11
  5401 | D:5      | Learned a level 4 spell: Iskenderun's Mystic Blast
  5601 | D:5      | Reached skill level 1 in Translocations
  5723 | D:5      | Noticed Eustachio
  5766 | D:5      | Killed Eustachio
  5767 | D:5      | Reached skill level 5 in Short Blades
  6170 | D:3      | Bought a scroll of blinking for 82 gold pieces
  6170 | D:3      | Bought a scroll of vulnerability for 82 gold pieces
  6355 | D:6      | Found a glowing drain.
  6427 | Sewer    | Entered a sewer
  6551 | Sewer    | Reached XP level 9. HP: 78/78 MP: 11/12
  6673 | Sewer    | Found a glowing silver altar of Zin.
  7073 | D:3      | Bought a scroll of amnesia for 38 gold pieces
  7331 | D:6      | Found a snail-covered altar of Cheibriados.
  7492 | D:6      | Reached * piety under Ashenzari
  7528 | D:6      | Found Etauzus's Book Shop.
  7781 | D:6      | Found a radiant altar of Vehumet.
  8476 | D:7      | Found a sacrificial altar of Ru.
  8708 | D:7      | Reached ** piety under Ashenzari
  8749 | D:7      | Noticed Joseph
  8893 | D:7      | Noticed Harold
  8917 | D:7      | Killed Harold
  8918 | D:7      | Reached skill level 10 in Conjurations
  8956 | D:7      | Identified the cursed scarf of the Elysian Augur
                  | {repulsion, Melee, Self} (You found it on level 4 of the
                  | Dungeon)
  9149 | D:7      | Killed Joseph
  9150 | D:7      | Reached XP level 10. HP: 46/89 MP: 15/15
  9517 | D:7      | Noticed Maggie
  9531 | D:7      | Identified the +4 robe "Rixugh" {rF+}
  9609 | D:7      | Killed Maggie
  9904 | D:8      | Found an ancient bone altar of Kikubaaqudgha.
  9934 | D:8      | Reached *** piety under Ashenzari
  9972 | D:8      | Found a flagged portal.
  9981 | Bailey   | Entered a bailey
 10568 | Bailey   | Noticed a smoke demon
 10647 | Bailey   | Identified the Volume of Confrontation
 11286 | Bailey   | Identified a scroll of acquirement
 11319 | Bailey   | Acquired a +2 hat
 11334 | Bailey   | Found an iron altar of Okawaru.
 11334 | Bailey   | Noticed an orc sorcerer
 11956 | Bailey   | Noticed a smoke demon
 11968 | Bailey   | Paralysed by an orc sorcerer for 3 turns
 11973 | Bailey   | Killed an orc sorcerer
 12132 | Bailey   | Found an iron altar of Okawaru.
 12607 | D:8      | Reached XP level 11. HP: 56/97 MP: 17/17
 12771 | D:8      | Found a basalt altar of Yredelemnul.
 12775 | D:8      | Found a bloodstained altar of Trog.
 12775 | D:8      | Found an opulent altar of Gozag.
 12786 | D:8      | Found a hide-covered altar of Uskayaw.
 12789 | D:8      | Found a blossoming altar of Fedhas.
 12849 | D:8      | Reached skill level 5 in Stealth
 13277 | D:8      | Reached skill level 1 in Shields
 13346 | D:8      | Noticed a two-headed ogre
 13955 | D:8      | Reached skill level 1 in Polearms
 14229 | D:8      | Reached skill level 1 in Long Blades
 14253 | D:8      | Killed a two-headed ogre
 14796 | D:3      | Bought a scroll of blinking for 82 gold pieces
 14796 | D:3      | Bought a scroll of teleportation for 33 gold pieces
 14796 | D:3      | Bought a scroll of teleportation for 33 gold pieces
 15041 | D:9      | Reached skill level 5 in Dodging
 15287 | D:9      | Noticed a two-headed ogre
 15295 | D:9      | Killed a two-headed ogre
 15557 | D:9      | Found Haerut's Assorted Antiques.
 15782 | D:10     | Entered Level 10 of the Dungeon
 16000 | D:10     | Reached skill level 5 in Long Blades
 16142 | D:10     | Found a white marble altar of Elyvilon.
 16151 | D:10     | Noticed Psyche
 16161 | D:10     | Killed Psyche
 16250 | D:10     | Noticed Erica
 16282 | D:10     | Killed Erica
 16512 | D:10     | Noticed an oklob plant
 16612 | D:10     | Identified Idaohif's Grimoire of Nature
 17285 | D:11     | Found a staircase to the Lair.
 17289 | D:11     | Noticed a two-headed ogre
 17323 | D:11     | Killed a two-headed ogre
 17326 | D:11     | Reached XP level 12. HP: 67/110 MP: 4/19
 17613 | D:11     | Found Yrghohun's Antique Armour Emporium.
 17630 | D:11     | Noticed a two-headed ogre
 17647 | D:11     | Killed a two-headed ogre
 17648 | D:11     | Reached skill level 10 in Fighting
 18161 | D:11     | Found a staircase to the Orcish Mines.
 18280 | Lair:1   | Entered Level 1 of the Lair of Beasts
 19344 | Lair:1   | Noticed a four-headed hydra
 19370 | Lair:1   | Killed a one-headed hydra
 19731 | Lair:1   | Noticed Sonja
 19735 | Lair:1   | Killed Sonja
 19736 | Lair:1   | Reached skill level 10 in Long Blades
 20167 | Lair:2   | Found a staircase to the Snake Pit.
 20441 | Lair:2   | Reached skill level 5 in Earth Magic
 20769 | Lair:2   | Reached skill level 5 in Translocations
 21457 | Lair:2   | Found a staircase to the Shoals.
 21467 | Lair:2   | Reached XP level 13. HP: 124/124 MP: 16/23
 23869 | Lair:5   | Reached **** piety under Ashenzari
 24305 | Lair:4   | Reached skill level 1 in Evocations
 24998 | Lair:5   | Learned a level 5 spell: Irradiate
 25209 | Lair:6   | Entered Level 6 of the Lair of Beasts
 25209 | Lair:6   | Noticed Kirke
 25402 | Lair:6   | Killed Kirke
 25752 | Lair:6   | Reached skill level 1 in Transmutations
 25758 | Lair:6   | Identified the +3 robe of Biext {Int-5 Dex+7 Stlth+}
 25920 | Lair:6   | Found a staircase to the Slime Pits.
 26326 | Lair:6   | Reached skill level 5 in Spellcasting
 27336 | Lair:6   | Reached XP level 14. HP: 74/136 MP: 26/27
 28713 | Lair:6   | Identified the +1 robe of the First Knaves {rElec}
 28824 | Lair:6   | Reached skill level 5 in Shields
 28920 | Lair:6   | Found a corrupted altar of Lugonu.
 28920 | Lair:6   | Found a one-way gate to the infinite horrors of the Abyss.
 30179 | D:12     | Found a runed translucent door.
 30179 | D:12     | Noticed Cykl0x's ghost (journeyman GrEE)
 31580 | D:13     | Identified the +11 broad axe of the Nine Queens {elec,
                  | Str+3}
 31620 | D:13     | Reached skill level 1 in Axes
 32158 | D:14     | Noticed Rupert
 32504 | D:14     | Found a gate to the Vaults.
 32539 | D:14     | Reached skill level 5 in Axes
 32969 | D:14     | Found a glowing golden altar of the Shining One.
 33571 | D:14     | Reached XP level 15. HP: 140/144 MP: 8/28
 33912 | D:15     | Entered Level 15 of the Dungeon
 35023 | D:15     | Found a transporter.
 35023 | D:15     | Noticed Lyniq's ghost (journeyman DrTm)
 35689 | D:15     | Found a staircase to the Depths.
 36154 | D:15     | Noticed Agnes
 36413 | D:15     | Found a bloodstained altar of Trog.
 36415 | D:15     | Identified the amulet "Jibbot" {Acrobat Harm Stlth+}
 36419 | D:15     | Found a transporter.
 36679 | D:15     | Killed Agnes
 36961 | Orc:1    | Entered Level 1 of the Orcish Mines
 36962 | Orc:1    | Found Keonkuli's Weapon Shop.
 37820 | Orc:2    | Entered Level 2 of the Orcish Mines
 37828 | Orc:2    | Found Naclihas's General Store.
 38115 | Orc:2    | Bought a potion of magic for 112 gold pieces
 38115 | Orc:2    | Bought a scroll of fear for 49 gold pieces
 38304 | Orc:2    | Found a staircase to the Elven Halls.
 38519 | Orc:2    | Found Uriovuam's Antique Weapon Boutique.
 38925 | Orc:2    | Noticed an orc warlord
 38956 | Orc:2    | Found Cosut's Jewellery Shop.
 39162 | Orc:2    | Killed an orc warlord
 39184 | Orc:2    | Gained mutation: You are frail. (-10% HP) [mutagenic glow]
 39265 | Orc:2    | Lost mutation: You are frail. (-10% HP) [potion of
                  | mutation]
 39265 | Orc:2    | Gained mutation: You are somewhat resistant to further
                  | mutation. [potion of mutation]
 39367 | Orc:2    | Noticed an orc warlord
 39368 | Orc:2    | Found Sokumext's Antique Armour Emporium.
 39483 | Orc:2    | Noticed an orc warlord
 39488 | Orc:2    | Reached skill level 5 in Transmutations
 39531 | Orc:1    | Killed an orc warlord
 40177 | Orc:2    | Paralysed by an orc sorcerer for 5 turns
 40520 | Orc:2    | Killed an orc warlord
 40861 | D:9      | Bought a potion of curing for 93 gold pieces
 40861 | D:9      | Bought a potion of might for 124 gold pieces
 41022 | D:3      | Killed Peloso's ghost
 41311 | D:12     | Killed Cykl0x's ghost
 41413 | D:14     | Killed Rupert
 41901 | D:15     | Killed Lyniq's ghost
 42473 | Shoals:1 | Entered Level 1 of the Shoals
 42473 | Shoals:1 | Noticed Donald
 42482 | Shoals:1 | Killed Donald
 42483 | Shoals:1 | Reached XP level 16. HP: 145/149 MP: 29/29
 43507 | Shoals:1 | Reached skill level 10 in Axes
 44056 | Shoals:1 | Learned a level 2 spell: Passwall
 44061 | Shoals:1 | Learned a level 4 spell: Petrify
 44535 | Shoals:2 | Reached ***** piety under Ashenzari
 44609 | Shoals:2 | Noticed Ilsuiw
 46090 | Shoals:2 | Found Ynyfanag's Assorted Antiques.
 46281 | Shoals:2 | Killed Ilsuiw
 47606 | Shoals:3 | Identified the +1 pair of boots of Dogmatism {rN+++ Int-4}
 49717 | Shoals:4 | Entered Level 4 of the Shoals
 49915 | Shoals:4 | Reached XP level 17. HP: 155/158 MP: 30/30
 50839 | Shoals:4 | Found Yniesk's Weapon Boutique.
 52715 | Shoals:4 | Got a barnacled rune of Zot
 52997 | Shoals:4 | Acquired a book of Fire
 53081 | Snake:1  | Entered Level 1 of the Snake Pit
 53201 | Snake:1  | Identified the +2 robe "Zeump" {Rampage}
 53360 | Snake:1  | Found Koblay's Antique Weapon Shop.
 53403 | Snake:1  | Noticed Frances
 53420 | Snake:1  | Killed Frances
 54734 | Snake:2  | Reached skill level 10 in Shields
 55376 | Snake:2  | Reached skill level 15 in Axes
 55706 | Snake:2  | Reached XP level 18. HP: 126/168 MP: 24/32
 58632 | Snake:4  | Entered Level 4 of the Snake Pit
 59456 | Snake:4  | Reached skill level 10 in Dodging
 62334 | Snake:4  | Got a serpentine rune of Zot
 62621 | Vaults:1 | Entered Level 1 of the Vaults
 62668 | Vaults:1 | Reached ****** piety under Ashenzari
 62976 | Vaults:1 | Reached skill level 1 in Fire Magic
 62976 | Vaults:1 | Reached XP level 19. HP: 160/179 MP: 33/33
 62977 | Vaults:1 | Reached skill level 15 in Conjurations
 63560 | Vaults:1 | Noticed Asterion
 63565 | Vaults:1 | Killed Asterion
 63599 | Vaults:1 | Demolished by a boulder beetle

Illustrated notes

Levels and vault maps discovered:
D:1:      dpeg_arrival_line_fractal, layout_loops_ring,
          ebering_ecumenical_altar_hall, grunt_decor_mini_mirrors
D:2:      layout_loops_ring, minmay_liquid_box, nrook_uturn,
          minmay_stone_trees_small, minmay_misc_feat_tower,
          corexii_corridor_pit, chequers_serial_rivers_room_b
D:3:      layout_basic, lemuel_round_altar, gammafunk_ghost_icy, serial_shops,
          shop, kennysheep_generic_room_9
D:4:      layout_loops_ring, nicolae_hepliaklqana_hippocampus, temple_statues
D:5:      layout_loops_cross, uniq_pikel, uniq_eustachio
D:6:      layout_basic, mainiacjoe_overflow_surrounded_room, slow_altar_1,
          cheibrodos_sewer_entry_sluice, serial_shops,
          nicolae_shop_window_shopping
D:7:      layout_loops_ring, mainiacjoe_overflow_cross_hatched, uniq_maggie,
          uniq_joseph, uniq_harold
D:8:      layout_rooms, mainiacjoe_overflow_small_starburst,
          minmay_overflow_temple_star_hex, enter_bailey_5, nzn_random_ring
D:9:      layout_gridville, serial_shops, nicolae_shop_window_shopping
D:10:     layout_cave_pools, lemuel_doored_altar, serial_column_ruins,
          column_ruins_hut_ruined, column_ruins_hut_pillars,
          column_ruins_grid_2, column_ruins_corridor_corner,
          column_ruins_grid_3, column_ruins_grid_3, introduction_to_nature_2,
          uniq_psyche, uniq_erica
D:11:     layout_loops_ring, due_lair_maze_entry_diamond, orc_0_dummy,
          serial_shops, nicolae_shop_crystal, nicolae_twisting_strands
D:12:     minmay_goldmine, layout_stronghold, ebering_ghost_inner_flame
D:13:     layout_basic, chequers_garden
D:14:     layout_cave_pods, lightli_vaults_fourway_checkpoint,
          infiniplex_staircase_pillars_2, corexii_corridor_pit,
          tso_oasis_becter, uniq_rupert
D:15:     grunt_enter_depths_hoard, layout_small_grid, grunt_decor_resistance,
          gammafunk_ghost_wrathful_warriors, minivault_16, uniq_agnes
Temple:   eino_temple_lava
Lair:1:   layout_regular_city, beast_lair_carwin_1, uniq_sonja
Lair:2:   layout_loops_ring, minmay_shoals_entry_hut,
          guppyfry_snake_entry_island, st_stairs_5
Lair:3:   layout_cave_shapes
Lair:4:   layout_regular_city, serial_bayou_shore_b, infiniplex_staircase_pool,
          lemuel_fruit_tree
Lair:5:   layout_gridlike, minmay_lair_drake_nest
Lair:6:   hellmonk_lair_end_abyssal_woods, layout_cave_pods, slime_dummy,
          uniq_kirke
Shoals:1: layout_shoals, nicolae_shoals_lost_giant_pillars, uniq_donald
Shoals:2: layout_shoals, serial_shops, shop, uniq_ilsuiw
Shoals:3: layout_shoals, nicolae_shoals_water_booths
Shoals:4: shoals_end_simple, layout_shoals, serial_shops, shop
Snake:1:  layout_rooms, serial_shops, shop_coins, uniq_frances
Snake:2:  layout_onion, grunt_megastairs_5
Snake:3:  layout_onion, nicolae_snake_bzzzt
Snake:4:  hellmonk_snake_rune_quicksilver_temple, layout_misc_corridors
Orc:1:    layout_caves, serial_shops, nicolae_shop_statue_plus, roderic_batcave
Orc:2:    grunt_orc_gardens, layout_caves, grunt_orc_garden, grunt_orc_garden,
          grunt_orc_garden, grunt_orc_garden, nicolae_orc_damp_corner,
          minmay_orc_treasury
Vaults:1: vaults_room_grunt_arrival_ludios, hangedman_vaults_stagger,
          dpeg_vaults_monster_row, v_misc_12, nicolae_vaults_little_squares_3,
          hangedman_vaults_stretched_pinwheel, nicolae_vaults_network_periphery,
          hangedman_vaults_cutoff, nicolae_vaults_shelves_hall,
          layout_vaults_maze_snakey, uniq_asterion

Skill      XL: |  1  2  3  4  5  6  7  8  9 10 11 12 13 14 15 16 17 18 19 |
---------------+----------------------------------------------------------+-----
Fighting       | 1 2 3 4 5 6 7 8 9 11 12 13 14 | 14.1
Short Blades   | 1 2 3 4 5 6 7 |  7.0
Conjurations   | 5 6 8 9 10 11 12 13 14 15 | 15.2
Earth Magic    | 1 5 7 8 |  8.8
Translocations | 2 3 4 5 6 7 |  7.7
Dodging        | 2 3 4 5 6 7 8 9 10 | 10.5
Stealth        | 2 3 4 5 6 7 |  7.8
Spellcasting   | 3 5 6 |  6.5
Shields        | 1 4 6 8 10 12 | 12.5
Polearms       | 1 |  1.0
Long Blades    | 7 10 | 10.4
Evocations     | 2 4 |  4.1
Transmutations | 2 3 6 7 |  7.5
Axes           | 6 9 14 15 | 15.1
Fire Magic     | 1 2 |  2.1

Action                   |  1- 3 |  4- 6 |  7- 9 | 10-12 | 13-15 | 16-18 | 19-21 || total
-------------------------+-------+-------+-------+-------+-------+-------+-------++-------
Melee: Short sword       |    40 |    39 |       |       |       |       |       ||    79
       Unarmed           |     6 |       |       |       |       |       |       ||     6
       Tailslap          |     5 |     7 |    13 |    82 |   139 |   153 |    10 ||   409
       Dagger            |       |     3 |    84 |    61 |       |       |       ||   148
       Spear             |       |       |       |    71 |       |       |       ||    71
       Punch             |       |       |       |     6 |     9 |       |       ||    15
       Scimitar          |       |       |       |   296 |   543 |       |       ||   839
       Broad axe         |       |       |       |       |   259 |   961 |    55 ||  1275
Throw: Throwing net      |       |       |     1 |     2 |       |     1 |       ||     4
       Dart              |       |       |       |     1 |       |     1 |       ||     2
 Cast: Magic Dart        |    13 |     6 |       |     3 |     2 |       |       ||    24
       Searing Ray       |     8 |    21 |    65 |    63 |     6 |       |       ||   163
       Iskenderun's Myst |       |       |       |   145 |   210 |   118 |     5 ||   478
       Irradiate         |       |       |       |       |    79 |   114 |     8 ||   201
       Petrify           |       |       |       |       |       |     1 |       ||     1
Invok: Curse Item        |       |       |     3 |     4 |     2 |     3 |       ||    12
       Shatter the Chain |       |       |       |     2 |     1 |       |       ||     3
Evoke: Wand              |       |       |       |     5 |       |     2 |       ||     7
       Condenser vane    |       |       |       |       |     1 |     1 |       ||     2
  Use: Scroll            |       |     2 |     5 |     3 |     9 |     6 |     1 ||    26
       Potion            |       |       |     2 |     5 |     5 |     7 |     1 ||    20
 Stab: Sleeping          |       |     2 |       |     7 |    11 |    17 |     3 ||    40
       Distracted        |       |       |       |     1 |     4 |     7 |       ||    12
       Held in net/web   |       |       |       |     1 |       |     1 |       ||     2
       Invisible         |       |       |       |       |     3 |       |       ||     3
Armor: Skin              |    20 |    23 |    60 |   312 |   329 |   347 |    13 ||  1104
Dodge: Dodged            |    56 |    48 |    91 |   384 |   527 |   641 |    23 ||  1770
       Repelled          |       |       |     1 |    10 |    13 |    38 |       ||    62
Block: Kite shield       |       |       |       |       |   287 |   934 |    48 ||  1269
